 Dungeon Crawl Stone Soup version 0.30-a0-25-gacc37e2db0 (webtiles) character file.

Game seed: 2265160387907175873

221 Plasmagod the Trooper (level 5, -3/38 HPs)
             Began as a Gargoyle Fighter on Aug 25, 2022.
             Slain by an ogre
             ... wielding a +0 giant club
              (12 damage)
             ... on level 4 of the Dungeon.
             The game lasted 00:02:49 (2853 turns).

Plasmagod the Trooper (Gargoyle Fighter)            Turns: 2853, Time: 00:02:50

Health: -3/38      AC: 14    Str: 22    XL:     5   Next: 98%
Magic:  5/5        EV:  7    Int:  8    God:
Gold:   163        SH:  4    Dex:  9    Spells: 4/4 levels left

rFire   . . .      SeeInvis .    a - +0 flail
rCold   . . .      Faith    .    c - +0 buckler
rNeg    + . .      Spirit   .    h - +0 chain mail
rPois   ∞          Reflect  .    (no helmet)
rElec   +          Harm     .    (no cloak)
rCorr   .          Rampage  .    l - +0 pair of gloves
Will    .....                    (no boots)
Stlth   ..........               (no amulet)
HPRegen 0.12/turn                (no ring)
MPRegen 0.09/turn                (no ring)

@: no status effects
A: sickness immunity, AC +4, negative energy resistance 1, electricity
resistance, torment resistance 1, petrification resistance
a: no special abilities


You were on level 4 of the Dungeon.
You visited 1 branch of the dungeon, and saw 4 of its levels.

You collected 163 gold pieces.

Inventory:

Hand Weapons
 a - a +0 flail (weapon)
Missiles
 e - 3 throwing nets (quivered)
Armour
 c - a +0 buckler (worn)
 h - a +0 chain mail (worn)
 l - a +0 pair of gloves (worn)
Scrolls
 g - 2 scrolls of identify {unknown}
 k - 2 scrolls of teleportation {unknown}
 m - a scroll of fear {unknown}
 n - a scroll of summoning {unknown}
 o - a scroll of enchant weapon {unknown}
 r - a scroll of magic mapping {unknown}
Potions
 b - 5 potions of curing {unknown}
 d - 3 potions of might
 f - a potion of flight {unknown}
 i - a potion of heal wounds {unknown}
 j - a potion of attraction {unknown}
 p - a potion of brilliance {unknown}
 q - a potion of degeneration {unknown}


   Skills:
 + Level 7.1 Fighting
 - Level 2.0 Maces & Flails
 - Level 3.2 Armour
 - Level 3.2 Shields


You had 4 spell levels left.
You didn't know any spells.
Your spell library contained the following spells:

 Spells                   Type           Power      Damage    Failure   Level
 Foxfire                  Conj/Fire      0%         2x1d4     99%         1
 Ensorcelled Hibernation  Hex/Ice        0%         N/A       100%        2
 Passwall                 Tmut/Erth      0%         N/A       100%        2
 Conjure Flame            Conj/Fire      0%         6-21      100%        3
 Inner Flame              Hex/Fire       0%         N/A       100%        3
 Swiftness                Air            0%         N/A       100%        3
 Flame Wave               Conj/Fire      0%         2d4       100%        4


Dungeon Overview and Level Annotations

Branches:
Dungeon (4/15)
 Temple: D:4-7

Altars:
Qazlal
Uskayaw


Innate Abilities, Weirdness & Mutations

You are immune to sickness and miasma.
Your stone body is resilient. (AC +4)
You are immune to poison.
You resist negative energy. (rN+)
You are resistant to electric shocks. (rElec)
You are resistant to unholy torment.
You are immune to petrification.


Message History

The ball python bites you but does no damage.
The ball python constricts you.
The endoplasm hits you but does no damage.
You sock the endoplasm!
You kill the endoplasm!
You block the ball python's attack. The ball python constricts you.
The ball python bites you.
* * * LOW HITPOINT WARNING * * *
The ball python constricts you.
You thump the ball python!
You kill the ball python!
You see here an adder corpse.
The black bear growls angrily.
You hear a shout! x2
The hobgoblin shouts!
You open the door.
An ogre and an orc come into view.
The ogre shouts!
The orc shouts!
Found a puce potion.
You hit the ogre.
The ogre is lightly wounded.
The ogre barely misses you.
You barely miss the ogre.
The ogre is lightly wounded.
The ogre hits you with a +0 giant club!
You hit the ogre but do no damage.
The ogre is lightly wounded.
A ball python comes into view.
You hit the ogre.
The ogre is lightly wounded.
The ogre hits you with a +0 giant club!!
Ouch! That really hurt!
* * * LOW HITPOINT WARNING * * *
You hit the ogre but do no damage.
The ogre is lightly wounded.
The ogre hits you but does no damage.
A phantom comes into view.
You hit the ogre.
The ogre is lightly wounded.
The ogre hits you with a +0 giant club!
You die...

.....#####.....##.#######....#
..##.......###............##.#
..##.......##.....##########)#
####.......##.#######........#
. #.......##.#....÷'......###
.. #.......##.#....÷#..##..#
..............#..#..#..##..#
...#......###.#.....#......#
...##....## #.#.@...#......#
.. #....# #.##O###########
#....# #.[#oS..#.g ..# #....#
#..#..W. h#.#..# #....
##.#.... K # ## #.. .#....# ##
######


You could see an ogre, a phantom, an orc and a ball python.

Vanquished Creatures
  A necrophage (D:4)
  An iguana (D:4)
  2 orc wizards
  3 adders
  A dart slug (D:4)
  10 orcs
  4 ball pythons
  3 bats
  5 endoplasms
  A giant cockroach (D:4)
  5 goblins
  3 hobgoblins
  4 frilled lizards
  3 kobolds
  3 rats
49 creatures vanquished.

Notes
Turn   | Place    | Note
-------+----------+-------------------------------------------
     0 | D:1      | Plasmagod the Gargoyle Fighter began the quest for the Orb.
     0 | D:1      | Reached XP level 1. HP: 14/14 MP: 1/1
   125 | D:1      | Reached XP level 2. HP: 20/20 MP: 2/2
   189 | D:1      | Reached skill level 4 in Fighting
   434 | D:1      | Found a faded altar of an unknown god.
   758 | D:2      | Reached XP level 3. HP: 24/24 MP: 3/3
  1156 | D:3      | Found a hide-covered altar of Uskayaw.
  1285 | D:3      | Reached skill level 5 in Fighting
  1285 | D:3      | Reached XP level 4. HP: 18/31 MP: 4/4
  1963 | D:4      | Found a stormy altar of Qazlal.
  1965 | D:4      | Noticed a water elemental
  1966 | D:4      | Noticed a fire elemental
  1966 | D:4      | Noticed an air elemental
  1966 | D:4      | Noticed an earth elemental
  1995 | D:4      | Noticed a necrophage
  2003 | D:4      | Killed a necrophage
  2004 | D:4      | Reached skill level 6 in Fighting
  2004 | D:4      | Reached XP level 5. HP: 36/36 MP: 5/5
  2607 | D:4      | Reached skill level 7 in Fighting
  2844 | D:4      | Noticed a black bear
  2847 | D:4      | Noticed an ogre
  2852 | D:4      | Noticed a phantom
  2853 | D:4      | Slain by an ogre

Illustrated notes

Levels and vault maps discovered:
D:1:      eino_arrival_cavern_a, layout_rooms, ebering_ecumenical_altar_hall,
          minmay_liquid_box
D:2:      layout_rooms
D:3:      layout_loops_ring, nicolae_overflow_crystal_walls
D:4:      minmay_clustersquares, layout_basic, nicolae_qazlal_style_of_elements,
          minmay_temple_entry_grid

Skill      XL: |  1  2  3  4  5 |
---------------+----------------+-----
Fighting       | 4 5 6 7 |  7.1
Maces & Flails | |  2.0
Armour         | |  3.2
Shields        | |  3.2

Action                   |  1- 3 |  4- 6 || total
-------------------------+-------+-------++-------
Melee: Flail             |    65 |   138 ||   203
Armor: Scale mail        |    28 |       ||    28
       Chain mail        |    10 |   109 ||   119
Dodge: Dodged            |    30 |    45 ||    75
Block: Buckler           |    11 |    29 ||    40

Table legend: (Time is in decaauts)
 A = Elapsed time spent in this place.
 B = Non-inter-level travel time spent in this place.
 C = Inter-level travel time spent in this place.
 D = Time resting spent in this place.
 E = Time spent auto-exploring this place.
 F = Levels seen in this place.
 G = Mean time per level.
                   A        B        C        D        E       F      G
               +--------+--------+--------+--------+--------+-----+--------+
         Total |   2921 |   2842 |     79 |    269 |   2133 |   4 |  730.2 |
       Dungeon |   2921 |   2842 |     79 |    269 |   2133 |   4 |  730.2 |
               +--------+--------+--------+--------+--------+-----+--------+

Top non-repeatable levels by time:
     D:4: 961 daAuts
     D:3: 829 daAuts
     D:1: 764 daAuts
     D:2: 366 daAuts
